 Dungeon Crawl Stone Soup version 0.31-a0-844-gdc52ec4e09 (webtiles) character file.

Game seed: 1198404352213326837

254 Kurtz the Chopper (level 6, -2/42 HPs)
             Began as an Octopode Fighter on Sept 29, 2023.
             Slain by an orc
             ... wielding a +0 falchion
              (7 damage)
             ... on level 5 of the Dungeon.
             The game lasted 00:03:16 (2946 turns).

Kurtz the Chopper (Octopode Fighter)                Turns: 2946, Time: 00:03:16

Health: -2/42      AC:  1    Str: 15    XL:     6   Next: 15%
Magic:  6/6        EV: 13    Int: 10    God:
Gold:   147        SH:  5    Dex: 14    Spells: 5/5 levels left

rFire   + . .        a - +0 war axe
rCold   . . .        b - +0 buckler
rNeg    . . .        (helmet restricted)
rPois   .            (no amulet)
rElec   .            t - +4 ring of slaying
rCorr   .            m - ring of protection from fire
SInv    .            (no ring)
Will    .....        (no ring)
Stlth   ++           (no ring)
HPRegen 0.27/turn    (no ring)
MPRegen 0.10/turn    (no ring)
                     (no ring)

%: no passive effects
@: no status effects
A: almost no armour, amphibious, 8 rings, camouflage 1, gelatinous body 1,
(nimble swimmer 1), tentacles
a: no special abilities


You were on level 5 of the Dungeon.
You visited 1 branch of the dungeon, and saw 5 of its levels.

You collected 147 gold pieces.

Inventory:

Hand Weapons
 a - a +0 war axe (weapon)
Missiles
 n - 17 poisoned darts
Armour
 b - a +0 buckler (worn)
Jewellery
 j - a +6 ring of intelligence
 m - a ring of protection from fire (right tentacle)
 t - a +4 ring of slaying (left tentacle)
 y - a ring of protection from fire
Wands
 w - a wand of digging (2)
Scrolls
 d - 3 scrolls of identify {unknown}
 e - a scroll of immolation {unknown}
 f - a scroll of amnesia {unknown}
 g - a scroll of enchant armour {unknown}
 i - 2 scrolls of fog {unknown}
 l - 2 scrolls of noise {unknown}
 x - a scroll of enchant weapon {unknown}
Potions
 c - 2 potions of might
 h - 3 potions of curing {unknown}
 k - a potion of mutation {unknown}
 o - a potion of heal wounds {unknown}
 p - 3 potions of enlightenment {unknown}
 q - a potion of magic {unknown}
 r - a potion of brilliance {unknown}
 s - a potion of degeneration {unknown}
 u - 2 potions of resistance {unknown}
 v - a potion of ambrosia {unknown}
 z - a potion of lignification {unknown}


   Skills:
 - Level 3.0 Fighting
 * Level 6.3 Axes
 - Level 3.0 Dodging
 - Level 3.0 Shields


You had 5 spell levels left.
You didn't know any spells.
Your spell library contained the following spells:

 Spells                   Type           Power      Damage    Failure   Level
 Ozocubu's Armour         Ice            0%         N/A       83%         3
 Ozocubu's Refrigeration  Ice            0%         4d7       100%        7


Dungeon Overview and Level Annotations

Branches:
Dungeon (5/15)
 Temple: D:4-7

Altars:
Fedhas
Hepliaklqana
Kikubaaqudgha
Wu Jian

Annotations:
D:3 1 runed translucent door, Crazy Yiuf
D:5 exclusion: jelly


Innate Abilities, Weirdness & Mutations

You cannot wear most types of armour.
You are amphibious.
You can wear up to eight rings at the same time.
Your skin changes colour to match your surroundings (Stealth+).
Your rubbery body absorbs attacks. (AC +1, EV +1)
((You are camouflaged when in or above water. (Stealth+)))
You have tentacles for arms and can constrict up to eight enemies at once.


Message History

The orc priest hits you with a +1 dagger of electrocution.
You are electrocuted!
You climb downwards.
Level annotation: exclusion: jelly Reactivating autopickup.
There is a stone staircase leading up here.
You slash the orc priest! Your grab misses the orc priest.
You squeeze the orc priest.
You kill the orc priest!
You hit the orc but do no damage. The orc hits you with a +0 short sword.
The orc closely misses you.
You hit the orc but do no damage. You grab the orc.
Your squeeze misses the orc. You constrict the orc. The orc misses you.
You completely miss the orc.
The orc is lightly wounded.
You constrict the orc. The orc completely misses you.
You slash the orc!
You kill the orc!
No target in view!
You start resting.
HP restored.
You climb upwards.
The orc hits you with a +0 war axe! The orc hits you with a +0 falchion.
The orc hits you with a +0 falchion! The orc hits you with a +0 war axe!
There is a stone staircase leading down, spattered with blood here.
You are too injured to fight recklessly!
Unknown command.
You block the orc's attack. The orc hits you with a +0 falchion!
* * * LOW HITPOINT WARNING * * *
You climb downwards.
Level annotation: exclusion: jelly
There is a stone staircase leading up here.
Unknown command.
The orc barely misses you. The orc closely misses you.
Things that are here:
a +1 dagger of electrocution; an orc corpse The orc hits you with a +0 war axe!
* * * LOW HITPOINT WARNING * * *
The orc attacks as it pursues you! The orc hits you with a +0 falchion!
You die...

# ..# ...#
#######...#
#[<........
#.)oo......
#..@....>..#......[.
#..........#........
#..........#........
##..#####+##........
##..###...##....(...
#....#....<#.......?
#....#.....#>.......
#....#.....'........
#....'....##...###+#


You could see 2 orcs.

Vanquished Creatures
  A hound (D:5)
  An orc priest (D:5)
  2 iguanas (D:4)
  Robin (D:2)
  3 adders
  A worm (D:4)
  2 dart slugs
  7 orcs
  8 endoplasms
  3 giant cockroaches
  13 goblins
  9 hobgoblins
  4 quokkas
  6 ball pythons
  6 bats
  7 frilled lizards
  7 kobolds
  6 rats
87 creatures vanquished.

Notes
Turn   | Place    | Note
-------+----------+-------------------------------------------
     0 | D:1      | Kurtz the Octopode Fighter began the quest for the Orb.
     0 | D:1      | Reached XP level 1. HP: 16/16 MP: 1/1
   157 | D:1      | Reached XP level 2. HP: 20/21 MP: 2/2
   279 | D:1      | Reached skill level 3 in Axes
   526 | D:1      | Reached XP level 3. HP: 20/26 MP: 3/3
   984 | D:2      | Found a faded altar of an unknown god.
  1061 | D:2      | Reached skill level 4 in Axes
  1289 | D:2      | Reached XP level 4. HP: 28/31 MP: 4/4
  1382 | D:2      | Noticed Robin
  1470 | D:2      | Killed Robin
  2026 | D:3      | Found an ancient bone altar of Kikubaaqudgha.
  2026 | D:3      | Found a blossoming altar of Fedhas.
  2031 | D:3      | Found a hazy altar of Hepliaklqana.
  2042 | D:3      | Found an ornate altar of the Wu Jian Council.
  2103 | D:3      | Found a runed translucent door.
  2104 | D:3      | Noticed Crazy Yiuf
  2245 | D:3      | Reached skill level 5 in Axes
  2247 | D:3      | Reached XP level 5. HP: 33/36 MP: 5/5
  2731 | D:5      | Entered Level 5 of the Dungeon
  2741 | D:5      | Reached skill level 6 in Axes
  2866 | D:5      | Reached XP level 6. HP: 42/42 MP: 6/6
  2946 | D:5      | Slain by an orc

Illustrated notes

Levels and vault maps discovered:
D:1:      minmay_arrival_split_and_join, layout_basic
D:2:      layout_basic, hellmonk_ecumenical_altar_pennies_from_heaven,
          minmay_quadrilaterals, uniq_robin
D:3:      layout_loops_ring, minitemple, mainiacjoe_overflow_catwalk,
          corexii_leaking_fountain, uniq_crazy_yiuf_cottage
D:4:      layout_cave_pools, hangedman_abyss_or_decor_stagger
D:5:      layout_gridville, uniq_pikel

Skill      XL: |  1  2  3  4  5 |
---------------+----------------+-----
Axes           | 3 4 5 6 |  6.3
Fighting       | |  3.0
Dodging        | |  3.0
Shields        | |  3.0

Action                     |  1- 3 |  4- 6 || total
---------------------------+-------+-------++-------
  Melee: War axe           |    70 |    87 ||   157
         Constrict         |    18 |    27 ||    45
         Tentacles         |     8 |    12 ||    20
   Stab: Sleeping          |     5 |     7 ||    12
 Armour: Skin              |    30 |    44 ||    74
  Dodge: Dodged            |    39 |    44 ||    83
  Block: Buckler           |    11 |    16 ||    27

Table legend: (Time is in decaauts)
 A = Elapsed time spent in this place.
 B = Non-inter-level travel time spent in this place.
 C = Inter-level travel time spent in this place.
 D = Time resting spent in this place.
 E = Time spent auto-exploring this place.
 F = Levels seen in this place.
 G = Mean time per level.
                   A        B        C        D        E       F      G
               +--------+--------+--------+--------+--------+-----+--------+
         Total |   2999 |   2910 |     89 |    306 |   1945 |   5 |  599.8 |
       Dungeon |   2999 |   2910 |     89 |    306 |   1945 |   5 |  599.8 |
               +--------+--------+--------+--------+--------+-----+--------+

Top non-repeatable levels by time:
     D:2: 933 daAuts
     D:3: 885 daAuts
     D:1: 861 daAuts
     D:5: 212 daAuts
     D:4: 106 daAuts
